 Dungeon Crawl Stone Soup version 0.29.1-1-gd02db69 (webtiles) character file.

Game seed: 8502675653681433619

57 Timinator the Insei (level 3, -2/28 HPs)
             Began as a Demigod Transmuter on Jan 13, 2023.
             Slain by an orc priest
             ... wielding a +0 club
              (6 damage)
             ... on level 3 of the Dungeon.
             The game lasted 00:03:44 (2318 turns).

Timinator the Insei (Demigod Transmuter)            Turns: 2318, Time: 00:03:45

Health: -2/28      AC:  3    Str: 11    XL:     3   Next: 50%
Magic:  8/8        EV: 12    Int: 15    God:
Gold:   127        SH:  0    Dex: 18    Spells: 3/6 levels left

rFire   . . .      SeeInvis .     - Unarmed
rCold   . . .      Faith    .   (no shield)
rNeg    . . .      Spirit   .   a - +0 robe
rPois   .          Reflect  .   (helmet currently unavailable)
rElec   .          Harm     .   (no cloak)
rCorr   .          Rampage  .   i - +0 pair of gloves
Will    .....                   (boots currently unavailable)
Stlth   ++........              e - amulet of magic regeneration
HPRegen 0.09/turn               (no ring)
MPRegen 0.51/turn               (no ring)

@: appendages
A: horns 2, talons 2, high MP 1, forlorn, divine attributes
a: End Transformation


You were on level 3 of the Dungeon.
You had temporarily grown beastly horns and talons.
You visited 1 branch of the dungeon, and saw 3 of its levels.

You collected 127 gold pieces.

Inventory:

Missiles
 h - 2 poisoned darts
Armour
 a - a +0 robe (worn)
 f - a +0 helmet (melded)
 i - a +0 pair of gloves (worn)
Jewellery
 e - an amulet of magic regeneration (around neck)
Scrolls
 d - a scroll of identify {unknown}
 j - a scroll of enchant weapon {unknown}
 l - a scroll of butterflies {unknown}
Potions
 b - 2 potions of lignification
 c - a potion of flight {unknown}
 g - a potion of heal wounds {unknown}
 k - a potion of haste {unknown}


   Skills:
 * Level 1.5 Fighting
 * Level 1.0 Armour
 + Level 2.2 Dodging
 + Level 3.3 Unarmed Combat
 - Level 2.0 Spellcasting
 + Level 1.9 Transmutations


You had 3 spell levels left.
You knew the following spells:

 Your Spells              Type           Power      Damage    Failure   Level
a - Beastly Appendage     Tmut           14%        N/A       10%         1
b - Wereblood             Tmut           7%         N/A       16%         2

Your spell library contained the following spells:

 Spells                   Type           Power      Damage    Failure   Level
 Spider Form              Tmut/Pois      4%         N/A       41%         3
 Ice Form                 Ice/Tmut       4%         N/A       83%         4
 Iskenderun's Battlesphe  Conj           1%         2d6       99%         5
 Iron Shot                Conj/Erth      0%         9d1       100%        6
 Spellforged Servitor     Conj/Summ      0%         N/A       100%        7


Dungeon Overview and Level Annotations

Branches:
Dungeon (3/15)


Innate Abilities, Weirdness & Mutations

You have temporarily grown beastly horns and talons.
You have an increased reservoir of magic. (+10% MP)
You shall have no god before yourself.
Your divine heritage dramatically boosts your attributes as you level up.


Message History

You closely miss the orc priest.
The orc priest is lightly wounded.
The orc priest misses you.
You barely miss the orc priest.
The orc priest is lightly wounded.
The orc priest casts a cantrip, but nothing happens.
You closely miss the orc priest.
The orc priest is lightly wounded.
The orc priest closely misses you.
You hit the orc priest but do no damage.
The orc priest is lightly wounded.
The orc priest hits you with a +0 club.
You hit the orc priest.
The orc priest is lightly wounded.
The orc priest hits you with a +0 club.
You hit the orc priest but do no damage.
The orc priest is lightly wounded.
The orc priest calls down the wrath of Beogh upon you.
You barely resist. You hit the orc priest.
The orc priest is lightly wounded.
The orc priest hits you but does no damage.
You hit the orc priest.
The orc priest is heavily wounded.
The orc priest barely misses you.
You hit the orc priest.
The orc priest is heavily wounded.
The orc priest hits you with a +0 club.
* * * LOW HITPOINT WARNING * * *
You hit the orc priest.
The orc priest is severely wounded.
Casting: Wereblood (safe; 16% risk of failure)
Confirm with . or Enter, or press ? or * to list all spells.
You grow a pair of large bovine horns.
Your feet morph into talons.
Your +0 helmet melds into your body.
The orc priest hits you with a +0 club.
* * * LOW HITPOINT WARNING * * *
You hit the orc priest. You headbutt the orc priest.
The orc priest is almost dead.
The orc priest hits you with a +0 club.
You die...

############
#.........!#
#........(.#
#..........#
#..........#
#..........#
#......o...#
.......@...#
#..........#
#######)####
#<# #..#
##... ###.#
#


You could see an orc priest.

Vanquished Creatures
  An orc priest (D:3)
  A worm (D:2)
  An orc (D:2)
  3 endoplasms
  4 hobgoblins
  A kobold (D:1)
  A quokka (D:1)
  4 ball pythons
  5 bats
  A frilled lizard (D:1)
  2 rats
24 creatures vanquished.

Notes
Turn   | Place    | Note
-------+----------+-------------------------------------------
     0 | D:1      | Timinator the Demigod Transmuter began the quest for the
                  | Orb.
     0 | D:1      | Reached XP level 1. HP: 15/15 MP: 5/5
   131 | D:1      | Reached skill level 1 in Fighting
   676 | D:1      | Reached XP level 2. HP: 23/23 MP: 7/7
   679 | D:1      | Learned a level 2 spell: Wereblood
  1037 | D:2      | Reached skill level 3 in Unarmed Combat
  2026 | D:3      | Reached skill level 1 in Armour
  2026 | D:3      | Reached XP level 3. HP: 11/28 MP: 8/8
  2318 | D:3      | Slain by an orc priest

Illustrated notes

Levels and vault maps discovered:
D:1:      dpeg_arrival_oval, layout_loops_ring
D:2:      layout_basic, ebering_ecumenical_altar_webs
D:3:      layout_rooms

Skill      XL: |  1  2 |
---------------+-------+-----
Fighting       | 1 |  1.5
Dodging        | 2 |  2.2
Unarmed Combat | 3 |  3.3
Spellcasting   | 2 |  2.0
Armour         | 1 |  1.0
Transmutations | |  1.9

Action                   || total
-------------------------++-------
Melee: Unarmed           ||    96
       Headbutt          ||     1
 Cast: Wereblood         ||     5
       Beastly Appendage ||     1
 Stab: Sleeping          ||     1
Armor: Robe              ||    20
Dodge: Dodged            ||    44
